[Event "Czech Open-GM 2022"]
[Site "Pardubice"]
[Date "2022.07.24"]
[Round "3.32"]
[White "Levitan, Caleb Levi"]
[Black "Frank, Adam"]
[Result "0-1"]
[ECO "A45"]
[WhiteElo "1826"]
[BlackElo "2313"]
[Annotator "TA"]
[PlyCount "178"]
[EventDate "2022.07.22"]
[EventType "swiss"]
[EventCountry "CZE"]
[SourceTitle "playchess.com"]
[Source "ChessBase"]
[SourceQuality "1"]
[TimeControl "40/5400+30:1800+30"]

1. d4 Nf6 2. Bf4 g6 3. Nc3 d5 4. e3 c6 5. h4 Bg7 6. Be2 {[%emt 0:02:45] A45: Trompowsky Attack.} h6 7. Nf3 Qb6 {[%emt 0:00:53] [#]} 8. Na4 $146 {[%emt 0:01:54] The position is equal.} ({Predecessor:} 8. a3 Bf5 9. Qd2 Nbd7 10. O-O-O Ng4 11. Qe1 O-O 12. Nh2 Nxh2 13. Bxh2 e5 14. g4 {1-0 (41) Bukal,V (2390)-Rubil,M (2269) Mali Losinj 2019}) 8... Qa5+ 9. c3 Nbd7 10. b4 Qd8 11. Nc5 Nxc5 12. bxc5 Ne4 13. Rc1 Qa5 14. Qc2 b6 (14... Bf5 $11 {keeps the balance.} 15. Bd3 e6) 15. Ne5 $16 Bd7 (15... Bxe5 $142 16. Bxe5 O-O) 16. Bd3 bxc5 17. Bxe4 dxe4 18. Nxd7 (18. Qxe4 Qxa2 19. Nxd7 (19. dxc5 Qe6 $11) 19... Kxd7 $14) 18... Kxd7 19. O-O $1 (19. Qxe4 Qxa2 20. Rb1 (20. dxc5 Qe6 $11) 20... Qe6 21. Rb7+ Ke8 $14) 19... Rhc8 (19... g5 20. Bg3 (20. hxg5 hxg5 21. Bh2 c4 $14)) 20. Rb1 (20. Qxe4 {with more complications.} cxd4 21. cxd4 Qxa2 22. Rc5) 20... Ke8 21. Rb2 (21. Qxe4 $16 {Strongly threatening Rb7.} Qxa2 22. Bd6 (22. dxc5 Qd5 $15) (22. Rb7 Qe6 $14)) 21... cxd4 $1 $11 22. cxd4 Qf5 $1 23. Qa4 (23. Rb7 {looks sharper.} c5 24. dxc5 Rxc5 25. Qa4+) 23... Kf8 24. Rb7 g5 25. hxg5 hxg5 26. Bg3 Bf6 27. Rc1 Kg7 28. Rxc6 $2 (28. Qc2 $11) 28... Rh8 $19 29. Kf1 Rh1+ 30. Ke2 Ra1 (30... Rg1 $19 31. Kd2 Rxg2) 31. Qc2 (31. Kd2 $15) 31... Qa5 $17 32. Qd2 {[%emt 0:05:03] Prevents Re1+.} (32. Rb1 Rxa2 33. Rb2 Rxb2 34. Qxb2) 32... Rxa2 $2 (32... Qa4 $19 33. Rbc7 Rxa2) 33. Rb2 Rxb2 $40 {[%emt 0:00:03][%mdl 128] White is in trouble.} 34. Qxb2 Rh8 $1 35. Qb1 {[%emt 0:02:24] [#] Prevents Rh1.} Rh1 $3 36. Qxh1 Qb5+ 37. Kd2 Qxc6 {[%emt 0:00:04][%mdl 4096] Endgame KQB-KQB} 38. Qa1 Qb6 39. Qa4 (39. Qc3 $142) 39... e6 (39... a5 $142 40. Kc3 Qb1) 40. Qc2 Qb4+ 41. Ke2 (41. Kc1 $17) 41... a5 $1 $19 42. Qxe4 $2 (42. Qc5 Qb2+ 43. Ke1) 42... a4 43. Qc2 a3 {[%emt 0:00:32] Hoping for ...Qb5+.} 44. Kd1 Be7 45. f3 Qa5 {[%emt 0:00:18] And now ...a2 would win.} (45... Qb2 46. Qxb2 axb2 47. Kc2 $16) 46. Qa2 Qa4+ 47. Kc1 Qa6 48. Be1 Qd3 49. Qd2 Qf1 50. Kb1 g4 $1 51. Qf2 {[%emt 0:00:00] Prevents Bh4.} (51. Ka2 {was the crucial defense.}) 51... Qd3+ $2 (51... Qb5+ 52. Ka2 Bh4 $1 ) 52. Ka1 Qb3 (52... a2 53. Kxa2 Qa3+ 54. Kb1 $15) (52... Qc4 $19 {[%cal Oe7h4] is more deadly. Threatens to win with ...Bh4!} 53. Qd2 Bg5 54. fxg4 Qb5) 53. Qd2 $17 Bg5 {[%emt 0:03:58] Black is much more active.} 54. f4 (54. Qc3 $17 Qd1+ 55. Ka2) 54... a2 $2 55. Qc1 (55. Qb4 $5 Qd1+ 56. Kxa2 Qc2+ 57. Ka1 Qc1+ 58. Ka2 Qc2+ 59. Ka1 Qc1+ 60. Ka2 Qc2+ $15) 55... Be7 56. Bc3 Ba3 57. Bb2 Bxb2+ 58. Qxb2 Qxe3 $11 {[%emt 0:00:10] KQ-KQ} 59. d5+ $1 Kg6 60. Qc2+ $1 f5 61. Kxa2 $2 (61. Qc6 $1 $11) 61... Qa7+ (61... exd5 62. Qc6+ Kg7 63. g3 $11) 62. Kb2 Qd4+ 63. Qc3 Qb6+ $2 (63... Qxf4 64. dxe6 Qf2+ 65. Qc2 Qxc2+ 66. Kxc2 $11) (63... Qxd5 64. g3 $17) (63... Qf2+ $19 64. Qc2 Qxf4 65. dxe6 Qe5+ 66. Kc1 Qe1+ 67. Qd1 Qxe6) 64. Qb3 $2 (64. Kc2 $11) 64... Qf2+ $2 (64... Qxb3+ 65. Kxb3 e5 66. fxe5 f4) 65. Ka3 $19 Qc5+ $2 ({Stronger than} 65... Qxg2 66. d6 Qa8+ 67. Kb2 Qh8+ 68. Kc1 Qh1+ 69. Kb2 Qg2+ 70. Ka3 Qa8+ 71. Kb2 Qg2+ 72. Ka3) ({Black should play} 65... Qxf4 $19 66. dxe6 Qd6+ 67. Kb2 Qd2+ 68. Qc2 Qb4+ 69. Ka2 Kf6) 66. Kb2 $1 $11 exd5 67. g3 Qf2+ 68. Kb1 Qe1+ 69. Kb2 Qf2+ 70. Kb1 Qc5 71. Kb2 Kf6 72. Qb8 d4 ({Don't play} 72... Qf2+ $6 73. Kb1 $17) 73. Qh8+ Ke6 {[%emt 0:00:03] aiming for ...Kd5.} 74. Qg8+ Kd6 {[%emt 0:00:08] ...Kc6 is the strong threat.} 75. Qf8+ $2 {[%emt 0:01:07][%mdl 8192] [#] White is now going downhill.} (75. Kb1 $11) 75... Kc6 $1 $19 76. Qc8+ $2 (76. Qa8+ $11 Kb5 77. Qb8+ Ka5 78. Qg8) 76... Kb5 77. Qb7+ Ka5 78. Qa8+ {[%emt 0:00:31] [#]} Kb4 $1 {[%emt 0:00:11] ( -> ...Qc3+)} 79. Qb7+ $2 (79. Qb8+ $11 Qb5 80. Qd6+ Kc4+ 81. Kc1) 79... Qb5 80. Qg2 Kc4+ 81. Kc1 d3 (81... Qa5 $142 82. Kb2 d3 83. Qc6+ Kd4 84. Qd6+ Ke3 85. Kb3 Qd2 86. Qc6 Kf2 87. Qc5+ Kf3 88. Qxf5 Qc2+ 89. Kb4 Kxg3 90. Qg6 Qe2 91. Qh7 d2 92. Qg7 d1=Q 93. Qc3+ Qf3 94. Qc4 Qd6+ 95. Qc5 Qe4+ 96. Kb3 Qxc5 97. Kb2 Qec2+ 98. Ka1 Qg1#) 82. Qh1 Qa4 83. Kb1 Qb3+ 84. Ka1 Qa4+ 85. Kb1 $1 d2 {[%emt 0:01:21] Against Qc1+. Black mates.} 86. Qf1+ Kc3 87. Qd3+ Kxd3 88. Kb2 Qb4+ 89. Ka2 Kc2 {[%emt 0:00:04] Weighted Error Value: White=0.46/Black=0.41} 0-1

[Event "Czech Open-GM 2022"]
[Site "Pardubice"]
[Date "2022.07.24"]
[Round "3.33"]
[White "Kistrup, Nicolai"]
[Black "Jirousek, Jan"]
[Result "0-1"]
[ECO "E06"]
[WhiteElo "2310"]
[BlackElo "2094"]
[Annotator "TA"]
[PlyCount "102"]
[EventDate "2022.07.22"]
[EventType "swiss"]
[EventCountry "CZE"]
[SourceTitle "playchess.com"]
[Source "ChessBase"]
[SourceQuality "1"]
[TimeControl "40/5400+30:1800+30"]

1. d4 d5 2. c4 e6 3. Nf3 Nf6 4. g3 Be7 5. Bg2 O-O 6. Nc3 c6 7. Qd3 {[%emt 0:00:24] E06: Closed Catalan: Early deviations.} b6 8. b3 Bb7 9. O-O {[%emt 0:03:24] The position is equal.} Na6 {[%emt 0:01:16] [#]} 10. Rd1 $146 ({Predecessor:} 10. Bb2 c5 11. cxd5 Nb4 12. Qd2 Nbxd5 13. Nxd5 Bxd5 14. Rfd1 Rc8 15. Rac1 Qe8 16. dxc5 {1-0 (51) Sargsyan,S (2486)-Tsydypov,Z (2545) Chess.com INT 2019}) 10... c5 11. cxd5 Nxd5 12. Bb2 cxd4 13. Qxd4 {[%emt 0:18:25] Nxd5 is the strong threat.} Bf6 14. Ne5 Nxc3 15. Qxc3 Qe7 16. Qe3 {[%emt 0:05:01] aiming for Rd7.} Bxg2 17. Kxg2 Rfd8 {[%emt 0:03:13] Prevents Rd7.} 18. Qf3 Bxe5 19. Bxe5 f6 {[%emt 0:00:55] [#]} (19... Rac8 $11) 20. Bd6 $1 $16 Qf7 21. Rac1 Rac8 22. Ba3 h6 23. Qe4 (23. Rxc8 $16 Rxc8 24. Rd6) 23... Nc7 $11 24. Qc6 {[%emt 0:05:36] And now Rxd8+ would win.} Nd5 25. Qxc8 Rxc8 26. Rxc8+ Kh7 {[%emt 0:00:10] Threatens to win with ...Qb7.} 27. e4 (27. Kg1 $5 ) 27... Qh5 28. Rd2 $36 {[%emt 0:00:59][%mdl 2048] White has the initiative.} (28. exd5 Qxd1 29. d6 Qd5+ 30. Kg1 Qb7 $11) 28... Qg5 29. Bc1 ({Stronger than} 29. exd5 Qxd2 30. d6 e5 $17) 29... Nb4 (29... Nf4+ $1 $14 30. Kf1 Ng6) 30. Rc7 $2 (30. Rd4 $18 {is the precise move to win.} Qa5 31. Bd2) 30... Qe5 $16 31. Rc4 ({Of course not} 31. Rxa7 $6 Qxe4+ 32. f3 Qe1 $11) 31... Na6 32. f3 b5 $2 (32... h5 $16 33. Bb2 Qb5) 33. Bb2 $18 Qg5 {[%emt 0:00:27] [#]} 34. f4 $2 (34. Rcc2 $1 $18) 34... Qg6 $17 {[%emt 0:00:21][%mdl 1024] Black has strong compensation.} 35. Rcd4 (35. Rc1 $142) 35... e5 36. f5 $2 (36. fxe5 $17 {is the only way for White.} fxe5 37. Rd5 Qxe4+ 38. Kf2) 36... Qg4 37. h3 Qg5 38. Rd5 (38. R4d3 {was worth a try.} Nc5 39. Ba3 (39. h4 $2 Qg4 $19) 39... Nxe4 40. Re2 Qxf5 41. Rde3) 38... Qe3 $19 39. Kh2 Qxe4 40. Rxb5 Qxf5 {[%emt 0:00:46] Hoping for ...Nc7.} 41. Rg2 Nc7 42. Rc5 (42. Ra5 {was the crucial defense.}) 42... Ne6 {[%emt 0:00:36] Black is clearly winning.} 43. Rc4 Ng5 {[%emt 0:02:22] ( -> ...Nf3+)} 44. g4 Qf3 45. Rc3 Qf4+ 46. Kh1 Ne4 47. Rcc2 Ng3+ 48. Kg1 Qe3+ 49. Rgf2 Ne4 50. Rce2 Qd3 51. Rg2 Ng5 {[%emt 0:00:57] Weighted Error Value: White=0.67/Black=0.39} 0-1

[Event "Czech Open-GM 2022"]
[Site "Pardubice"]
[Date "2022.07.24"]
[Round "3.34"]
[White "Lokander, Martin"]
[Black "Zielonka, Adam"]
[Result "1-0"]
[ECO "B46"]
[WhiteElo "2483"]
[BlackElo "1911"]
[Annotator "TA"]
[PlyCount "35"]
[EventDate "2022.07.22"]
[EventType "swiss"]
[EventCountry "CZE"]
[SourceTitle "playchess.com"]
[Source "ChessBase"]
[SourceQuality "1"]
[TimeControl "40/5400+30:1800+30"]

1. e4 {[%emt 0:00:10] Atalik,S} c5 2. Nf3 e6 3. d4 cxd4 4. Nxd4 Nc6 5. Nc3 a6 6. Nxc6 bxc6 7. e5 Qc7 8. Bf4 {[%emt 0:00:20] B46: Sicilian: Taimanov: 5 Nc3 a6.} f5 {[%emt 0:00:16] has lost popularity (8...Ne7).} 9. g4 {[%emt 0:00:53] Black must now prevent gxf5.} g5 $2 {[%emt 0:15:11] [#]} (9... Nh6 $11 {and Black has nothing to worry.}) 10. gxf5 $146 {[%emt 0:00:58] Qh5+ is the strong threat. White is clearly better.} ({Weaker is} 10. Bxg5 Qxe5+ 11. Qe2 Qxe2+ 12. Bxe2 Be7 $14) ({Predecessor:} 10. Bxg5 Qxe5+ 11. Qe2 Qg7 12. Bf4 fxg4 13. Be5 Nf6 14. Ne4 Be7 15. Rg1 h5 16. h3 {½-½ (40) Vonthron,H (2310)-Atalik,S (2619) Izmir 2006 EXT 2007 [Atalik,S]}) 10... gxf4 $2 (10... h5) 11. Qh5+ Kd8 {[%emt 0:01:49] [#]} 12. fxe6 $1 dxe6 $2 (12... Ne7) 13. O-O-O+ Bd7 14. Qf7 Ne7 15. Bc4 Kc8 $2 {[%emt 0:22:10] [#]} (15... Nd5) 16. Rxd7 $1 Kxd7 (16... Qxd7 17. Bxe6) 17. Qxe6+ Ke8 18. Rd1 {[%emt 0:00:09] Black got outplayed after the opening.  Weighted Error Value: White=0.34/Black=1.01} 1-0

[Event "Czech Open-GM 2022"]
[Site "Pardubice"]
[Date "2022.07.24"]
[Round "3.35"]
[White "Johnson, Donald"]
[Black "Bronstein, Or"]
[Result "*"]
[ECO "B90"]
[WhiteElo "2186"]
[BlackElo "2476"]
[Annotator "TA"]
[PlyCount "39"]
[EventDate "2022.07.22"]
[EventType "swiss"]
[EventCountry "CZE"]
[SourceTitle "playchess.com"]
[Source "ChessBase"]
[SourceQuality "1"]
[TimeControl "40/5400+30:1800+30"]

1. e4 c5 2. Nf3 d6 3. d4 cxd4 4. Nxd4 Nf6 5. Nc3 a6 6. h3 e5 7. Nb3 Be6 {[%emt 0:01:28] B90: Sicilian Najdorf: Unusual White 6th moves, 6 Be3 Ng4 and 6 Be3 e5.} 8. Be3 Nbd7 9. g4 h6 10. Qd2 b5 {[%emt 0:01:36] 10...Rc8 gains popularity.} 11. O-O-O Be7 {[%emt 0:01:16] [#] A rather calm draw.  Weighted Error Value: White=0.05 (flawless) /Black=0.08 (flawless)} {Predecessor:} 12. f4 $146 Rc8 13. f5 Bc4 14. Kb1 Qc7 15. a3 Nb6 16. Bxb6 Qxb6 17. Qe1 O-O 18. Nd5 Nxd5 19. exd5 Bxb3 20. cxb3 {0-1 (42) Andriasian,Z (2606)-Gabuzyan,H (2557) Yerevan 2021} *

[Event "Czech Open-GM 2022"]
[Site "Pardubice"]
[Date "2022.07.24"]
[Round "3.36"]
[White "Smith, Bryan"]
[Black "Shatil, Shir"]
[Result "1-0"]
[ECO "C05"]
[WhiteElo "2421"]
[BlackElo "2185"]
[Annotator "TA"]
[PlyCount "95"]
[EventDate "2022.07.22"]
[EventType "swiss"]
[EventCountry "CZE"]
[SourceTitle "playchess.com"]
[Source "ChessBase"]
[SourceQuality "1"]
[TimeControl "40/5400+30:1800+30"]

1. e4 e6 2. d4 d5 3. Nd2 Nf6 4. e5 Nfd7 5. c3 c5 6. Bd3 Nc6 7. Ngf3 Be7 8. O-O a5 9. a4 $1 {[%emt 0:00:32][%mdl 4] is currently scoring better than 9.Re1. C06: French Tarrasch: 3...Nf6 4 e5 Nfd7 5 Bd3 main lines.} cxd4 10. cxd4 Nb4 11. Bb1 {[%emt 0:00:13] White is slightly better.} b6 12. Re1 Ba6 13. Nf1 b5 14. Ng3 h5 {[%emt 0:02:59] [#]} (14... bxa4 $11 15. Qxa4 O-O) 15. h4 $146 ({Predecessor:} 15. Ne2 bxa4 16. Nf4 Nb6 17. Nd2 g6 18. b3 Rc8 19. bxa4 g5 20. Ne2 Qc7 21. Nb3 {0-1 (50) Karaoglan,D (2230)-Nikolovski,N (2454) Chess.com INT 2020}) 15... Bxh4 16. Nxh4 Qxh4 17. axb5 Bxb5 18. Be3 Nb6 19. b3 {[%emt 0:05:31][%mdl 1024] White has compensation.} Qg4 (19... Nd7 $11 {remains equal.}) 20. Qd2 {[%emt 0:02:36][%cal Oa1a5] Strongly threatening Rxa5!} (20. Qc1 $5 Rc8 21. Qd2 $11) 20... O-O $2 {[%emt 0:16:10][%mdl 8192] [#] White leaves nothing to chance now.} (20... h4 $2 21. f3 $1 Qxg3 22. Bf2 $18) (20... Nc6 $1 $14) 21. f3 $1 $18 Qh4 (21... Qxg3 $2 22. Bf2 h4 23. Bxg3 hxg3 24. Rc1) 22. Kf2 {[%emt 0:01:45] Rh1 is the strong threat.} Qe7 23. Bg5 f6 24. exf6 gxf6 25. Nf5 {[%emt 0:05:29][%mdl 64] Deflection} Qd8 {[%emt 0:03:39] [#]} 26. Rxe6 $1 {[%emt 0:02:48][%cal Og5f6] White wants to mate with Bxf6!} fxg5 27. Rxb6 Bc6 {[%emt 0:05:18] [#]} 28. Qc1 $2 $40 {[%emt 0:11:48][%mdl 128] Black needs to defend precisely.} Kh8 $2 {[%emt 0:11:06][%mdl 8192] [#]} ({Better is} 28... Rxf5 $1 $14 29. Bxf5 Qf6) 29. Rxb4 $1 Bd7 30. Nd6 {[%emt 0:07:04] Against Rc8} Qf6 $2 {[%emt 0:02:07] [#]} (30... Ra6) 31. Qc2 $2 (31. Rb7 $1 Qxd4+ (31... Qxd6 32. Qxg5) 32. Kf1) 31... Bf5 {[%emt 0:00:40] [#]} (31... Qg7) 32. Nxf5 $1 axb4 33. Rxa8 Rxa8 34. Qc7 Ra1 (34... Re8 $18 35. Qh2 h4) 35. Qc8+ Kh7 36. Qd7+ Kh8 37. Qe8+ Kh7 38. Qxh5+ Kg8 39. Qe8+ Kh7 40. Bd3 Ra2+ 41. Kg3 (41. Ke3 $142 Ra1 42. Ne7+ Kh6 43. Ng8+ Kg7 44. Nxf6 Re1+ 45. Be2 Kxf6 46. Qe5+ Kf7 47. Qxd5+ Ke7 48. Qb7+ Kf6 49. Qc6+ Kg7 50. Qd7+ Kf6 51. d5) 41... Rd2 42. Qe3 Rb2 {[%emt 0:02:56] [#]} 43. Bb5 $1 Rb1 (43... Ra2 44. Ne7) 44. Kg4 {[%emt 0:00:00] White mates.} Rb2 45. g3 Rb1 {[%emt 0:01:19] [#]} 46. Bc6 $1 Kg6 (46... Qf8 47. Bxd5) 47. Ne7+ Kg7 48. Bxd5 {[%emt 0:00:00] Weighted Error Value: White=0.60/Black=1.00} 1-0

[Event "Czech Open-GM 2022"]
[Site "Pardubice"]
[Date "2022.07.24"]
[Round "3.37"]
[White "Hollan, Martin"]
[Black "Flajsman, Pavel"]
[Result "1-0"]
[ECO "C45"]
[WhiteElo "2399"]
[BlackElo "2177"]
[Annotator "TA"]
[PlyCount "109"]
[EventDate "2022.07.22"]
[EventType "swiss"]
[EventCountry "CZE"]
[SourceTitle "playchess.com"]
[Source "ChessBase"]
[SourceQuality "1"]
[TimeControl "40/5400+30:1800+30"]

1. e4 e5 2. Nf3 Nc6 3. d4 exd4 4. Nxd4 Nf6 5. Nxc6 bxc6 6. e5 Qe7 7. Qe2 Nd5 8. h4 (8. c4 $5 Nb6 9. b3 $11) 8... a5 {[%emt 0:01:45] C45: Scotch Game.} 9. c4 (9. g3 $5 ) 9... Nb6 10. b3 (10. Nd2 $11) 10... Qe6 {[%emt 0:03:42] Black is slightly better.} 11. g3 Bb4+ 12. Bd2 $1 O-O 13. Bh3 Qe7 14. O-O {[%emt 0:04:34] [#]} f6 $146 ({Predecessor:} 14... d6 15. Bg2 Bb7 16. Re1 Rfe8 17. Nc3 dxe5 18. h5 f5 19. Qd3 Qf7 20. h6 gxh6 {0-1 (28) Ter Sahakyan,S (2632)-Indjic,A (2617) Subotica 2019}) 15. Nc3 (15. Bc3 $11 {keeps the balance.}) 15... fxe5 $17 16. Bg2 {[%emt 0:10:50] Inhibits d5.} Bb7 (16... d5 {looks sharper.} 17. cxd5 Ba6 18. Qh5 Bxf1 19. Rxf1 Rad8) 17. Rac1 Rfe8 18. Bg5 Qf7 19. Be3 d5 {[%emt 0:04:56] Inhibits Ne4.} 20. Bxb6 cxb6 21. Na4 Qc7 $2 ({Black should play} 21... Rad8 $17 {Strongly threatening ...e4.} 22. Rfd1 e4) 22. cxd5 $14 {[%emt 0:00:39] Black must now prevent Rfd1.} Ba6 23. Qh5 {[%emt 0:08:43] Threatens to win with Rfd1.} Bxf1 {[%emt 0:00:22] This bishop pair is nice.} 24. Rxc6 Qf7 25. Qxf7+ Kxf7 26. Bxf1 Bc5 27. Bh3 Kf8 (27... Bd4 $11) 28. d6 (28. Nxb6 Bxb6 29. Rxb6 a4 $11) 28... Bd4 29. d7 Red8 30. Nc3 ({Avoid the trap} 30. Nxb6 $2 Ra6 31. Rc8 Bxb6 $19) 30... Bxc3 31. Rxc3 $11 {[%emt 0:00:01][%mdl 4096] Endgame KRR-KRB} Ke7 32. Rc6 Rab8 33. Kf1 Rxd7 34. Bxd7 Kxd7 {[%emt 0:00:01] KR-KR} 35. Rc3 b5 36. Ke2 Kd6 37. Ke3 Rf8 38. f3 Rb8 (38... g6 $11) 39. Ke4 $16 Re8 (39... Rf8 $16 {keeps fighting.}) 40. a3 b4 {[%emt 0:00:30] [#]} (40... Re6 $16 41. h5 Rh6) 41. Rd3+ $1 $18 Kc6 {[%emt 0:18:28] [#]} 42. Rd5 (42. a4 $1 $18 {is the precise move to win.}) 42... a4 (42... bxa3 $16 43. Rxa5 Rb8) 43. bxa4 Ra8 $2 (43... bxa3 44. Rd3 $16) (43... b3) 44. axb4 Rxa4 45. Kxe5 ({Not} 45. Rc5+ Kb6 46. Rc4 (46. Kxe5 Rxb4 47. Rd5 g6 $18) 46... Ra7 $18) 45... Rxb4 (45... Ra3 46. b5+ Kc7) 46. Rd3 Rb5+ (46... Rb2 $142 47. Rd6+ Kc7) 47. Ke6 Rh5 48. Rc3+ Kb5 49. Rc7 g6 50. f4 Kb6 51. Rc4 Kb5 52. Re4 {[%emt 0:00:22] White mates.} Kc6 53. Re5 Rh6 54. Kf7 g5 55. Re6+ {[%emt 0:00:27] Quite a comeback for White.  Weighted Error Value: White=0.19 (very precise) /Black=0.50} 1-0

[Event "Czech Open-GM 2022"]
[Site "Pardubice"]
[Date "2022.07.24"]
[Round "3.38"]
[White "Finek, Vaclav"]
[Black "Balazs, Balint"]
[Result "1-0"]
[ECO "A04"]
[WhiteElo "2393"]
[BlackElo "2174"]
[Annotator "TA"]
[PlyCount "69"]
[EventDate "2022.07.22"]
[EventType "swiss"]
[EventCountry "CZE"]
[SourceTitle "playchess.com"]
[Source "ChessBase"]
[SourceQuality "1"]
[TimeControl "40/5400+30:1800+30"]

1. Nf3 g6 2. d4 Bg7 3. c4 Nf6 4. g3 O-O 5. Bg2 c5 6. O-O d5 7. cxd5 cxd4 8. Nxd4 Nxd5 9. Nc3 Nb6 {[%emt 0:04:38] D75: Fianchetto Grünfeld: Main Line with 7...c5.} 10. Ndb5 Nc6 11. Qxd8 Rxd8 {[%emt 0:03:29] [#] The position is equal.} 12. Be3 $146 ({Predecessor:} 12. Bf4 Bf5 13. e4 Be6 14. Rfd1 Nc4 15. Rab1 Rxd1+ 16. Nxd1 Rd8 17. b3 N4e5 18. Nc7 {½-½ (55) Luczak,F (2137)-Niekras,D (2331) Warsaw 2019}) 12... Nc4 13. Bc5 (13. Rad1 $11 Bg4 14. h3 Nxe3 15. fxe3) 13... a6 (13... Bf5 $15) 14. Nc7 $11 Rb8 15. Rac1 Nxb2 16. N3d5 e6 17. Nb6 Bd7 18. Bd6 ({White should play} 18. Rc2 $14) 18... Nd4 $15 19. Rfe1 Nf5 20. Bf4 {[%emt 0:06:06][%cal Oc7a6] Threatens to win with Nxa6!} ({Much weaker is} 20. Nxa6 Nxd6 21. Nxb8 Be8 $17) 20... Bd4 $2 (20... Ba4 $11) 21. Nxd7 $16 {[%emt 0:01:40] White is more active.} Rxd7 {[%emt 0:00:06] [#]} 22. Nxe6 $1 Re8 23. Nxd4 Nxd4 24. Kf1 Rde7 (24... Ne6 $16) 25. Be3 Nf5 26. Bg5 Rd7 27. Bf6 {[%emt 0:00:31] A strong pair of Bishops.} ({White should try} 27. Rb1 $18 Nc4 28. Rxb7 Nd2+ 29. Kg1 Rxb7 30. Bxb7) 27... Na4 28. Red1 Nc5 {[%emt 0:01:14] [#]} 29. Rxd7 $1 $18 Nxd7 30. Bb2 f6 $2 (30... Nf8 {is a better defense.} 31. Rc7 (31. Bxb7 Rb8 $16) 31... Nd6) 31. Bxb7 Rb8 32. Rc7 Ne5 33. Ba3 {[%emt 0:00:46] Prevents Nd6.} Rd8 34. e4 Nd4 (34... Nd6 $142 35. Bd5+ (35. Bxa6 Nxe4 36. Rc8 Rxc8 $18) 35... Kh8) 35. Bd5+ {[%emt 0:00:21] Weighted Error Value: White=0.14 (very precise) /Black=0.51} 1-0

[Event "Czech Open-GM 2022"]
[Site "Pardubice"]
[Date "2022.07.24"]
[Round "3.39"]
[White "Winter, Ondrej"]
[Black "Luch, Michal"]
[Result "0-1"]
[ECO "B40"]
[WhiteElo "2168"]
[BlackElo "2375"]
[Annotator "TA"]
[PlyCount "72"]
[EventDate "2022.07.22"]
[EventType "swiss"]
[EventCountry "CZE"]
[SourceTitle "playchess.com"]
[Source "ChessBase"]
[SourceQuality "1"]
[TimeControl "40/5400+30:1800+30"]

1. e4 {[%emt 0:00:04] Paehtz,Elisabeth} c5 2. Nf3 e6 3. c3 Nf6 4. e5 Nd5 5. d4 cxd4 6. cxd4 b6 7. Nc3 Nxc3 8. bxc3 Qc7 9. Bd2 Be7 10. Bd3 Ba6 11. Bxa6 Nxa6 12. Qe2 Qb7 13. O-O O-O {[%emt 0:00:11] [#]} 14. Rac1 $146 {[%emt 0:17:53] B22: Sicilian: 2 c3.} ({Predecessor:} 14. c4 d6 15. exd6 Bxd6 16. Rab1 Nc7 17. Rb3 Ne8 18. Re1 Nf6 19. Bg5 Rfe8 20. Bxf6 gxf6 21. Nd2 f5 {1-0 (53) Paehtz,E (2456)-Dzagnidze,N (2524) Caleta 2021 CBM 202 Extra [Paehtz,Elisabeth]}) 14... b5 (14... d5 $11) 15. Rb1 $14 Nc7 16. a4 {[%emt 0:02:39][%cal Ra4b5] White is slightly better.} a6 17. Bg5 Bxg5 18. Nxg5 Qd5 19. Ne4 bxa4 20. Ra1 Qc6 21. Nc5 {[%emt 0:03:59][%mdl 1024] White has compensation.} Nd5 22. Qf3 Qc8 23. Qd3 (23. c4 $5 Nb4 24. Rxa4 $14) 23... f6 24. f4 fxe5 25. fxe5 Qc6 26. Rxa4 (26. Rfe1 $11 {deserves consideration.}) 26... Rxf1+ $15 27. Kxf1 Rf8+ 28. Kg1 Nf4 29. Qd2 Qb5 30. Ra1 {[%emt 0:03:30] [#]} Ne2+ $1 31. Kh1 Nxc3 $1 $40 {[%emt 0:00:07][%mdl 128] ( -> ...Rf1+). Black goes for the king.} 32. h3 $2 (32. Qe1 $17 {was necessary.}) 32... Rf1+ $19 33. Rxf1 Qxf1+ 34. Kh2 Ne2 {[%emt 0:00:08][%csl Ge2][%cal Rf1g1] [#]} 35. Qe3 {[%emt 0:00:32] Inhibits Qg1+.} a5 36. h4 (36. Na4 {is the only way for White.}) 36... Qe1 {[%emt 0:06:58] Weighted Error Value: White=0.30/Black=0.06 (flawless)} 0-1

[Event "Czech Open-GM 2022"]
[Site "Pardubice"]
[Date "2022.07.24"]
[Round "3.40"]
[White "Malek, Daniel"]
[Black "Hassemeier, Mika"]
[Result "1-0"]
[ECO "B52"]
[WhiteElo "2355"]
[BlackElo "2166"]
[Annotator "TA"]
[PlyCount "63"]
[EventDate "2022.07.22"]
[EventType "swiss"]
[EventCountry "CZE"]
[SourceTitle "playchess.com"]
[Source "ChessBase"]
[SourceQuality "1"]
[TimeControl "40/5400+30:1800+30"]

1. e4 c5 2. Nf3 d6 3. Bb5+ Bd7 4. Bxd7+ Qxd7 5. c4 e5 6. Nc3 Nc6 7. d3 Be7 {[%emt 0:01:23] now scores much better than the old 7...g6. B52: Sicilian: Moscow Variation with 3...Bd7.} 8. a3 Bd8 9. O-O Nge7 {[%emt 0:01:23] The position is equal.} 10. Rb1 a5 11. Ne1 {[%emt 0:07:04] [#]} Ng6 $146 ({Predecessor:} 11... O-O 12. Nc2 Nd4 13. Ne3 f5 14. exf5 Ndxf5 15. Nxf5 Rxf5 16. Be3 b6 17. b4 axb4 18. axb4 {1-0 (41) Hellers,F (2592)-Baches Garcia,G (2322) Chess.com INT 2020}) 12. Nc2 O-O 13. Ne3 Nd4 14. Ncd5 a4 15. Bd2 f5 16. Nxf5 Nxf5 17. exf5 Qxf5 18. Be3 Nf4 (18... Qe6 $14) 19. Bxf4 $16 exf4 20. Qf3 Bg5 21. Rfe1 Rae8 22. Nc3 {[%emt 0:07:18] White is more active.} Bf6 23. Nxa4 Bd4 24. Nc3 (24. Qxb7 Qxd3 25. Nc3 (25. Qd5+ Kh8 $15) 25... Qxc4 $11) 24... Re5 25. h3 (25. Qxb7 $6 Qxd3 26. Rxe5 dxe5 $14) (25. Nb5 $18) 25... Rfe8 (25... Qh5 $16 {is a better defense.}) 26. Rxe5 $18 Qxe5 (26... dxe5 $142 27. Re1 (27. Qxb7 Qxd3 28. Qd5+ Kh8 $16) 27... Rd8) 27. Qxb7 f3 28. Qxf3 {[%emt 0:03:56] Black must now prevent Qd5+.} Rf8 {[%emt 0:00:08] [#]} 29. Qe4 {[%emt 0:00:34] aiming for Qxe5.} ({Resist} 29. Qd5+ Qxd5 30. cxd5 (30. Nxd5 Rxf2 31. Kh2 Be5+ 32. Kg1 Bd4 $14) 30... Rxf2 $16) 29... Qg5 (29... Rxf2 $142 30. Qxe5 dxe5) 30. Rf1 Bxf2+ 31. Kh1 {[%emt 0:00:36] Strongly threatening Qe6+.} Kh8 $2 {[%emt 0:04:19] [#]} (31... Qd8 32. Nd5 Bd4 33. Rxf8+ Qxf8) 32. Rxf2 $1 {[%emt 0:01:49] Weighted Error Value: White=0.08 (flawless) /Black=0.26 (precise)} 1-0